Workbook
Name \0: #REF!
Name \00: #REF!
Name \a: #REF!
Name \a: #REF!
Name \a: #REF!
Name \a: #REF!
Name \a: #REF!
Name \a: #REF!
Name \a: #REF!
Name \a: #REF!
Name \a: #REF!
Name \a: #REF!
Name \a: #REF!
Name \a: #REF!
Name \a: #REF!
Name \a: #REF!
Name \AA: [1]LIQUIDACION!#REF!
Name \b: [2]STRSUMM0!#REF!
Name \bb: [2]STRSUMM0!#REF!
Name \E: #REF!
Name \EE: #REF!
Name \G: #REF!
Name \k: '[3]7422CW00'!#REF!
Name \l: [4]STRSUMM0!#REF!
Name \M: #REF!
Name \ñ: '[5]7422CW00'!#REF!
Name \P: #REF!
Name \R: #REF!
Name \s: #REF!
Name \s: #REF!
Name \s: #REF!
Name \s: #REF!
Name \s: #REF!
Name \s: #REF!
Name \s: #REF!
Name \s: #REF!
Name \s: #REF!
Name \s: #REF!
Name \s: #REF!
Name \s: #REF!
Name \s: #REF!
Name \s: #REF!
Name \V: #REF!
Name \X: '1'!ERR
Name \X: '10'!ERR
Name \X: '11'!ERR
Name \X: '12'!ERR
Name \X: '13'!ERR
Name \X: '2'!ERR
Name \X: '3'!ERR
Name \X: '4'!ERR
Name \X: '5'!ERR
Name \X: '6'!ERR
Name \X: '7'!ERR
Name \X: '8'!ERR
Name \X: '9'!ERR
Name \X: [0]!ERR
Name \Z: '1'!ERR
Name \Z: '10'!ERR
Name \Z: '11'!ERR

Sheet PRESUPUESTO OFICIAL
C2: Código | D2: CCE-EICP-FM-25 | E2: Versión | F2: 1
C3: FORMULARIO 1
C4: PRESUPUESTO OFICIAL
C5: [El presente formulario aplica para los procesos de contratación que tengan como forma de pago precios unitarios. Tratándose de otras modalidades de precio, la Entidad debe ajustarlo cuando corresponde a: precio global, llave en mano, administración delegada, reembolso de gastos o cualquier otra forma precio]
C7: Adicionalmente, cuando el proceso de contratación es estructurado por precios unitarios, la Entidad debe aplicar las notas 1, 2 y 3 del presente formulario y las casillas de "Descripción", "Porcentaje" de la Administración, Imprevisto, Utilidad y total A.I.U. resaltadas en colo amarillo. Tratándose de otras modalidades de precio, la Entidad puede o no configurar los mismos aspectos.
C9: Nº | D9: ITEM DE PAGO | E9: ESPECIFICACIONES | G9: DESCRIPCION | H9: UND. | I9: CANTIDAD | J9: VALOR UNITARIO | K9: VALOR TOTAL
E10: GENERAL | F10: PARTICULAR
C12: 1 | D12: si | G12: SUMINISTRO, TRANSPORTE E INSTALACION BARRERA CON BOMBONES PLÁSTICOS Y CINTA DE SEGURIDAD Y YUTE PARA CERRAMIENTO | H12: ML | I12: 1 | J12: 16963 | K12: =+ROUND(J12*I12,0) -> 16963
C13: 2 | D13: si | G13: SUMINISTRO, TRANSPORTE E INSTALACION SEÑAL REGLAMENTARIA DE TRANSITO | H13: UN | I13: 1 | J13: 187911 | K13: =+ROUND(J13*I13,0) -> 187911
C14: 3 | D14: si | G14: DEMOLICIÓN DE PAVIMENTO CONCRETO HIDRÁULICO CON EQUIPO MECANICO | H14: M3 | I14: 1 | J14: 157950 | K14: =+ROUND(J14*I14,0) -> 157950
C15: 4 | D15: si | G15: EXCAVACIÓN A CIELO ABIERTO MATERIAL COMÚN 0 - 2 M | H15: M3 | I15: 1 | J15: 66825 | K15: =+ROUND(J15*I15,0) -> 66825
C16: 5 | D16: si | G16: EXCAVACIÓN A CIELO ABIERTO CONGLOMERADO 0 - 2 M | H16: M3 | I16: 1 | J16: 83533 | K16: =+ROUND(J16*I16,0) -> 83533
C17: 6 | D17: si | G17: SUMINISTRO, TRANSPORTE E INSTALACION BASE COMPACTADA | H17: M3 | I17: 1 | J17: 342396 | K17: =+ROUND(J17*I17,0) -> 342396
C18: 7 | D18: si | G18: SUMINISTRO, TRANSPORTE E INSTALACIÓN PAVIMENTO EN CONCRETO MR 42 ESPESOR ENTRE 15 Y 20 CM | H18: M3 | I18: 1 | J18: 1421550 | K18: =+ROUND(J18*I18,0) -> 1421550
C19: 8 | D19: si | G19: SUMINISTRO, TRANSPORTE E INSTALACIÓN ANDEN CONCRETO 3000 PSI ESCOBIADO E=0,10 M | H19: M2 | I19: 1 | J19: 181705 | K19: =+ROUND(J19*I19,0) -> 181705
C20: 9 | D20: si | G20: CORTE MECANIZADO DE PAVIMENTO 0,07 MM | H20: ML | I20: 1 | J20: 19184 | K20: =+ROUND(J20*I20,0) -> 19184
C21: 10 | D21: si | G21: SUMINISTRO, TRANSPORTE E INSTALACIÓN SELLO DE JUNTA PAVIMENTO RÍGIDO 5 MM. | H21: ML | I21: 1 | J21: 19910 | K21: =+ROUND(J21*I21,0) -> 19910
C22: 11 | D22: si | G22: CANASTILLA SOPORTE DE DOVELAS. HIERRO 3/8 Y 1/4" | H22: ML | I22: 1 | J22: 41113 | K22: =+ROUND(J22*I22,0) -> 41113
C23: 12 | D23: si | G23: ACERO 60.000 PSI (INCLUYE ALAMBRE NEGRO Y FIGURACIÓN) | H23: KG | I23: 1 | J23: 12484 | K23: =+ROUND(J23*I23,0) -> 12484
C24: 13 | D24: si | G24: RETIRO DE MATERIAL SOBRANTE EN VOLQUETA, CARGUE MANUAL | H24: M3 | I24: 1 | J24: 77602 | K24: =+ROUND(J24*I24,0) -> 77602
C26: Subtotal | K26: =SUM(K12:K25) -> 2629126
C27: SUBTOTAL OBRAS | K27: =+K26 -> 2629126
G32: SUBTOTAL OBRAS (INCLUYE IVA) | K32: =+K27 -> 2629126
G36: VALOR TOTAL | K36: =+K32 -> 2629126
C39: NOTA 1: Se debe tener en cuenta que el PRECIO UNITARIO incluye el valor de A.I.U. | H39: DESCRIPCION | K39: PORCENTAJE
C40: NOTA 2: Cuando la fracción decimal del peso sea igual o superior a 5 se aproximara por exceso al número entero siguiente del peso y cuando la fracción decimal del peso sea inferior a 5 se aproximará por defecto al número entero del peso. | H40: ADMINISTRACION | J40: A= | K40: 0.29
C41: NOTA 3: El A.I.U y su discriminación deben estar en porcentaje (%). | H41: IMPREVISTO | J41: I= | K41: 0
C42: NOTA 4: [Determinar por la Entidad] | H42: UTILIDAD | J42: U= | K42: 0.06
C43: NOTA 5: [Determinar por la Entidad] | H43: TOTAL A.I.U | J43: A.I.U.= | K43: =SUM(K40:K42) -> 0.35
C44: NOTA 6: [Determinar por la Entidad]

Sheet PROPUESTA ECONOMICA
C2: Código | D2: CCE-EICP-FM-25 | E2: Versión | F2: 1
C3: FORMULARIO 1
C4: PROPUESTA ECONOMICA
C5: [Los proponentes deben usar el presente formulario para determinar su propuesta económica conforme al Formulario 1 - Presupuesto Oficial publicado por la Entidad] [El presente formato aplica para los procesos de contratación que tengan como forma de pago precios unitarios , la Entidad debe ajustarlo cuando la modalidad de pago corresponde a: precio global, llave en mano, administración delegada, reembolso de gastos o cualquier otra forma de pago.]
C7: Cuando el proceso de contratación es estructurado por precios unitarios, la Entidad debe aplicar las notas 1, 2 y 3 del presente formato y las casillas de "Descripción", "Porcentaje" de la Administración, Imprevisto, Utilidad y total A.I.U. resaltadas en color amarillo.
C9: Nº | D9: ITEM DE PAGO | E9: ESPECIFICACIONES | G9: DESCRIPCION | H9: UND. | I9: CANTIDAD | J9: VALOR UNITARIO | K9: VALOR TOTAL
E10: GENERAL | F10: PARTICULAR
C13: Subtotal
C19: Subtotal
C29: Subtotal
C34: Subtotal
C37: Subtotal
C38: SUBTOTAL OBRAS
G43: SUBTOTAL OBRAS (INCLUYE IVA)
G47: VALOR TOTAL
C50: NOTA 1: Se debe tener en cuenta que el PRECIO UNITARIO incluye el valor de A.I.U. | H50: DESCRIPCION | K50: PORCENTAJE
C51: NOTA 2: Cuando la fracción decimal del peso sea igual o superior a 5 se aproximara por exceso al número entero siguiente del peso y cuando la fracción decimal del peso sea inferior a 5 se aproximará por defecto al número entero del peso. | H51: ADMINISTRACION | J51: A= | K51: [Ofrecimiento del Proponente]
C52: NOTA 3: El A.I.U y su discriminación deben estar en porcentaje (%). | H52: IMPREVISTO | J52: I= | K52: [Ofrecimiento del Proponente]
C53: NOTA 4: [Determinar por la Entidad] | H53: UTILIDAD | J53: U= | K53: [Ofrecimiento del Proponente]
C54: NOTA 5: [Determinar por la Entidad] | H54: TOTAL A.I.U | J54: A.I.U.= | K54: [Ofrecimiento del Proponente]
C55: NOTA 6: [Determinar por la Entidad]
G57: Firma del Proponente o de su Representante Legal

Sheet 1
C2: Código | D2: CCE-EICP-FM-25 | E2: Versión | F2: 1
C3: [La entidad podrá utilizar este formato para la presentación de los análisis de precios unitarios el contratista en la oportunidad prevista en el numeral 8.1. del Documento Base]
D6: ALCALDIA MUNICIPAL DE SALAMINA CALDAS
L7: VERSIÓN
D8: [NÚMERO DEL PROCESO]
L9: PÁGINA | M9: 1 | N9: DE | O9: 1
D11: ANALISIS DE PRECIOS UNITARIOS
L13: FECHA | M13: DD | N13: MM | O13: AA
M14: 19 | N14: 6 | O14: 2026
C15: ITEMS DE LA PROPUESTA ECONÓMICA
C19: DATOS ESPECÍFICOS
C21: ITEM | D21: DESCRIPCIÓN | M21: UNIDAD | O21: CANTIDAD
C22: =+'PRESUPUESTO OFICIAL'!C12 -> 1 | D22: =+'PRESUPUESTO OFICIAL'!G12 -> SUMINISTRO, TRANSPORTE E INSTALACION BARRERA CON BOMBONES PLÁSTICOS Y CINTA DE SEGURIDAD Y YUTE PARA CERRAMIENTO | M22: =+'PRESUPUESTO OFICIAL'!H12 -> ML | O22: =+'PRESUPUESTO OFICIAL'!I12 -> 1
C23: I. EQUIPO
C26: DESCRIPCIÓN | H26: MARCA | J26: TIPO | L26: TARIFA/HORA | M26: RENDIMIENTO | O26: Vr. UNITARIO
C27: EQUIPO BASICO ( HERRAMIENTA MENOR ) | L27: =+O56 -> 2140 | M27: 0.05 | O27: =+ROUND(M27*L27,0) -> 107
C28: ACARREO INTERNO | L28: =+O56 -> 2140 | M28: 0.05 | O28: =+ROUND(M28*L28,0) -> 107
C30: SUBTOTAL $ | O30: =SUM(O27:O29) -> 214
C31: II. MATERIALES
C34: DESCRIPCIÓN | K34: UNIDAD | L34: CANTIDAD | M34: PRECIO UNIT. | O34: Vr. UNITARIO
C35: FIBRA PARA CERRAMIENTO PROVISIONAL H=2,1M | K35: M | L35: 0.5 | M35: 4334 | O35: =+ROUND(M35*L35,0) -> 2167
C36: DELINEADOR PLASTICO ( 4 USOS) | K36: UN | L36: 0.13 | M36: 59112 | O36: =+ROUND(M36*L36,0) -> 7685
C37: CINTA REFLECTIVA DE SEGURIDAD (2 HILERAS) | K37: M | L37: 2.3 | M37: 156 | O37: =+ROUND(M37*L37,0) -> 359
C40: SUBTOTAL $ | O40: =SUM(O35:O39) -> 10211
C41: III. TRANSPORTES
C44: MATERIAL | J44: VOL. o PESO | K44: DISTANCIA | L44: M3 o Ton/Km | M44: TARIFA | O44: Vr. UNITARIO
C47: SUBTOTAL $
C48: IV. MANO DE OBRA
C51: TRABAJADOR | J51: JORNAL | K51: PRESTACIONES | L51: JORNAL TOTAL | M51: RENDIMIENTO | O51: Vr. UNITARIO
C52: =+[115]A.P.U!$C$161 -> CUADRILLA AA TIPO 1 (1 OFICIAL + 1 AYUDANTE) (Albañileria) | J52: =+[115]A.P.U!$G$161 -> hr | L52: 35672 | M52: 0.06 | O52: =+ROUND(M52*L52,0) -> 2140
C56: SUBTOTAL $ | O56: =SUM(O52:O55) -> 2140
C58: TOTAL COSTO DIRECTO $ | O58: =+O56+O47+O40+O30 -> 12565
C59: V. COSTOS INDIRECTOS
C62: Descripción | L62: Porcentaje | M62: Valor Total
C63: ADMINISTRACION | L63: 0.29 | M63: =+$O$58 -> 12565 | O63: =+ROUND(M63*L63,0) -> 3644
C64: IMPREVISTOS | L64: 0 | M64: =+$O$58 -> 12565 | O64: =+ROUND(M64*L64,0) -> 0
C65: UTILIDAD | L65: 0.06 | M65: =+$O$58 -> 12565 | O65: =+ROUND(M65*L65,0) -> 754
C66: SUBTOTAL $ | O66: =SUM(O63:O65) -> 4398
C68: Precio Unitario Total Aproximado al peso $ | O68: =+O66+O58 -> 16963
H72: Firma
H73: Nombre:
H74: Representante Legal del Contratista o su Apoderado
H75: Matricula No. :
C77: OBSERVACIONES INTERVENTORÍA
C81: APROBACIÓN POR INTERVENTORÍA
C82: Nota 1: Cuando se trate de Análisis de precios unitarios correspondientes a ítems de la propuesta económica aprobada, el Interventor aprueba el desglose de los componentes manteniendo el mismo precio unitario de cada ítem, cumpliendo con las especificaciones de construcción vigentes para el proyecto.
C84: Nota 2: Cuando se trate de Análisis de precios unitarios de ítems no previstos, el Interventor aprueba el desglose y precio unitario de cada ítem no previsto, exigiendo la aplicación de los costos correspondientes a insumos y tarifas de la propuesta económica inicial cuando estén contemplados, cumpliendo con las especificaciones de construcción vigente para el proyecto.
H87: Firma
H88: Nombre:
H89: Representante Legal del Interventor o su Apoderado
H90: Matricula No. :

Sheet 2
C2: Código | D2: CCE-EICP-FM-25 | E2: Versión | F2: 1
C3: [La entidad podrá utilizar este formato para la presentación de los análisis de precios unitarios el contratista en la oportunidad prevista en el numeral 8.1. del Documento Base]
D6: ALCALDIA MUNICIPAL DE SALAMINA CALDAS
L7: VERSIÓN
D8: [NÚMERO DEL PROCESO]
L9: PÁGINA | M9: 1 | N9: DE | O9: 1
D11: ANALISIS DE PRECIOS UNITARIOS
L13: FECHA | M13: DD | N13: MM | O13: AA
M14: 19 | N14: 6 | O14: 2026
C15: ITEMS DE LA PROPUESTA ECONÓMICA
C19: DATOS ESPECÍFICOS
C21: ITEM | D21: DESCRIPCIÓN | M21: UNIDAD | O21: CANTIDAD
C22: =+'PRESUPUESTO OFICIAL'!C13 -> 2 | D22: =+'PRESUPUESTO OFICIAL'!G13 -> SUMINISTRO, TRANSPORTE E INSTALACION SEÑAL REGLAMENTARIA DE TRANSITO | M22: =+'PRESUPUESTO OFICIAL'!H13 -> UN | O22: =+'PRESUPUESTO OFICIAL'!I13 -> 1
C23: I. EQUIPO
C26: DESCRIPCIÓN | H26: MARCA | J26: TIPO | L26: TARIFA/HORA | M26: RENDIMIENTO | O26: Vr. UNITARIO
C27: EQUIPO BASICO ( HERRAMIENTA MENOR ) | L27: =+O56 -> 35672 | M27: 0.05 | O27: =+ROUND(M27*L27,0) -> 1784
C28: ACARREO INTERNO | L28: =+O56 -> 35672 | M28: 0.05 | O28: =+ROUND(M28*L28,0) -> 1784
C29: =+[116]A.P.U!$C$107 -> FORMALETA PARA BASE DE CONCRETO
C30: SUBTOTAL $ | O30: =SUM(O27:O29) -> 3568
C31: II. MATERIALES
C34: DESCRIPCIÓN | K34: UNIDAD | L34: CANTIDAD | M34: PRECIO UNIT. | O34: Vr. UNITARIO
C35: =+[116]A.P.U!$C108 -> SEÑAL PREVENTIVA, REGLAMENTARIA E INFORMATIVA (4 USOS) tipo invias minimo 0,70 m | K35: UN | L35: 0.25 | M35: 378444 | O35: =+ROUND(M35*L35,0) -> 94611
C36: =+[116]A.P.U!$C109 -> CONCRETO 2500 psi - 17.5 Mpa | K36: M3 | L36: 0.01 | M36: 534208 | O36: =+ROUND(M36*L36,0) -> 5342
O37: =+ROUND(M37*L37,0) -> 0
C40: SUBTOTAL $ | O40: =SUM(O35:O39) -> 99953
C41: III. TRANSPORTES
C44: MATERIAL | J44: VOL. o PESO | K44: DISTANCIA | L44: M3 o Ton/Km | M44: TARIFA | O44: Vr. UNITARIO
C47: SUBTOTAL $
C48: IV. MANO DE OBRA
C51: TRABAJADOR | J51: JORNAL | K51: PRESTACIONES | L51: JORNAL TOTAL | M51: RENDIMIENTO | O51: Vr. UNITARIO
C52: =+[115]A.P.U!$C$161 -> CUADRILLA AA TIPO 1 (1 OFICIAL + 1 AYUDANTE) (Albañileria) | J52: =+[115]A.P.U!$G$161 -> hr | L52: 35672 | M52: 1 | O52: =+ROUND(M52*L52,0) -> 35672
C56: SUBTOTAL $ | O56: =SUM(O52:O55) -> 35672
C58: TOTAL COSTO DIRECTO $ | O58: =+O56+O47+O40+O30 -> 139193
C59: V. COSTOS INDIRECTOS
C62: Descripción | L62: Porcentaje | M62: Valor Total
C63: ADMINISTRACION | L63: 0.29 | M63: =+$O$58 -> 139193 | O63: =+ROUND(M63*L63,0) -> 40366
C64: IMPREVISTOS | L64: 0 | M64: =+$O$58 -> 139193 | O64: =+ROUND(M64*L64,0) -> 0
C65: UTILIDAD | L65: 0.06 | M65: =+$O$58 -> 139193 | O65: =+ROUND(M65*L65,0) -> 8352
C66: SUBTOTAL $ | O66: =SUM(O63:O65) -> 48718
C68: Precio Unitario Total Aproximado al peso $ | O68: =+O66+O58 -> 187911
H72: Firma
H73: Nombre:
H74: Representante Legal del Contratista o su Apoderado
H75: Matricula No. :
C77: OBSERVACIONES INTERVENTORÍA
C81: APROBACIÓN POR INTERVENTORÍA
C82: Nota 1: Cuando se trate de Análisis de precios unitarios correspondientes a ítems de la propuesta económica aprobada, el Interventor aprueba el desglose de los componentes manteniendo el mismo precio unitario de cada ítem, cumpliendo con las especificaciones de construcción vigentes para el proyecto.
C84: Nota 2: Cuando se trate de Análisis de precios unitarios de ítems no previstos, el Interventor aprueba el desglose y precio unitario de cada ítem no previsto, exigiendo la aplicación de los costos correspondientes a insumos y tarifas de la propuesta económica inicial cuando estén contemplados, cumpliendo con las especificaciones de construcción vigente para el proyecto.
H87: Firma
H88: Nombre:
H89: Representante Legal del Interventor o su Apoderado
H90: Matricula No. :

Sheet 3
C2: Código | D2: CCE-EICP-FM-25 | E2: Versión | F2: 1
C3: [La entidad podrá utilizar este formato para la presentación de los análisis de precios unitarios el contratista en la oportunidad prevista en el numeral 8.1. del Documento Base]
D6: ALCALDIA MUNICIPAL DE SALAMINA CALDAS
L7: VERSIÓN
D8: [NÚMERO DEL PROCESO]
L9: PÁGINA | M9: 1 | N9: DE | O9: 1
D11: ANALISIS DE PRECIOS UNITARIOS
L13: FECHA | M13: DD | N13: MM | O13: AA
M14: 19 | N14: 6 | O14: 2026
C15: ITEMS DE LA PROPUESTA ECONÓMICA
C19: DATOS ESPECÍFICOS
C21: ITEM | D21: DESCRIPCIÓN | M21: UNIDAD | O21: CANTIDAD
C22: =+'PRESUPUESTO OFICIAL'!C14 -> 3 | D22: =+'PRESUPUESTO OFICIAL'!G14 -> DEMOLICIÓN DE PAVIMENTO CONCRETO HIDRÁULICO CON EQUIPO MECANICO | M22: =+'PRESUPUESTO OFICIAL'!H14 -> M3 | O22: =+'PRESUPUESTO OFICIAL'!I14 -> 1
C23: I. EQUIPO
C26: DESCRIPCIÓN | H26: MARCA | J26: TIPO | L26: TARIFA/HORA | M26: RENDIMIENTO | O26: Vr. UNITARIO
C27: EQUIPO BASICO ( HERRAMIENTA MENOR ) | L27: =+O56 -> 30000 | M27: 0.05 | O27: =+ROUND(M27*L27,0) -> 1500
C28: ACARREO INTERNO | L28: =+O56 -> 30000 | M28: 0.05 | O28: =+ROUND(M28*L28,0) -> 1500
C29: COMPRESOR 2 MARTILLOS (INCLUYE ACPM Y TRANSPORTE) | J29: HR | L29: 120000 | M29: 0.7 | O29: =+ROUND(M29*L29,0) -> 84000
C30: SUBTOTAL $ | O30: =SUM(O27:O29) -> 87000
C31: II. MATERIALES
C34: DESCRIPCIÓN | K34: UNIDAD | L34: CANTIDAD | M34: PRECIO UNIT. | O34: Vr. UNITARIO
O35: =+ROUND(M35*L35,0) -> 0
O36: =+ROUND(M36*L36,0) -> 0
O37: =+ROUND(M37*L37,0) -> 0
C40: SUBTOTAL $ | O40: =SUM(O35:O39) -> 0
C41: III. TRANSPORTES
C44: MATERIAL | J44: VOL. o PESO | K44: DISTANCIA | L44: M3 o Ton/Km | M44: TARIFA | O44: Vr. UNITARIO
C47: SUBTOTAL $
C48: IV. MANO DE OBRA
C51: TRABAJADOR | J51: JORNAL | K51: PRESTACIONES | L51: JORNAL TOTAL | M51: RENDIMIENTO | O51: Vr. UNITARIO
C52: CUADRILLA AA TIPO 4 (1 OFICIAL + 4 AYUDANTE) (Albañileria) | J52: =+[115]A.P.U!$G$161 -> hr | L52: 75000 | M52: 0.4 | O52: =+ROUND(M52*L52,0) -> 30000
C56: SUBTOTAL $ | O56: =SUM(O52:O55) -> 30000
C58: TOTAL COSTO DIRECTO $ | O58: =+O56+O47+O40+O30 -> 117000
C59: V. COSTOS INDIRECTOS
C62: Descripción | L62: Porcentaje | M62: Valor Total
C63: ADMINISTRACION | L63: 0.29 | M63: =+$O$58 -> 117000 | O63: =+ROUND(M63*L63,0) -> 33930
C64: IMPREVISTOS | L64: 0 | M64: =+$O$58 -> 117000 | O64: =+ROUND(M64*L64,0) -> 0
C65: UTILIDAD | L65: 0.06 | M65: =+$O$58 -> 117000 | O65: =+ROUND(M65*L65,0) -> 7020
C66: SUBTOTAL $ | O66: =SUM(O63:O65) -> 40950
C68: Precio Unitario Total Aproximado al peso $ | O68: =+O66+O58 -> 157950
H72: Firma
H73: Nombre:
H74: Representante Legal del Contratista o su Apoderado
H75: Matricula No. :
C77: OBSERVACIONES INTERVENTORÍA
C81: APROBACIÓN POR INTERVENTORÍA
C82: Nota 1: Cuando se trate de Análisis de precios unitarios correspondientes a ítems de la propuesta económica aprobada, el Interventor aprueba el desglose de los componentes manteniendo el mismo precio unitario de cada ítem, cumpliendo con las especificaciones de construcción vigentes para el proyecto.
C84: Nota 2: Cuando se trate de Análisis de precios unitarios de ítems no previstos, el Interventor aprueba el desglose y precio unitario de cada ítem no previsto, exigiendo la aplicación de los costos correspondientes a insumos y tarifas de la propuesta económica inicial cuando estén contemplados, cumpliendo con las especificaciones de construcción vigente para el proyecto.
H87: Firma
H88: Nombre:
H89: Representante Legal del Interventor o su Apoderado
H90: Matricula No. :

Sheet 4
C2: Código | D2: CCE-EICP-FM-25 | E2: Versión | F2: 1
C3: [La entidad podrá utilizar este formato para la presentación de los análisis de precios unitarios el contratista en la oportunidad prevista en el numeral 8.1. del Documento Base]
D6: ALCALDIA MUNICIPAL DE SALAMINA CALDAS
L7: VERSIÓN
D8: [NÚMERO DEL PROCESO]
L9: PÁGINA | M9: 1 | N9: DE | O9: 1
D11: ANALISIS DE PRECIOS UNITARIOS
L13: FECHA | M13: DD | N13: MM | O13: AA
M14: 19 | N14: 6 | O14: 2026
C15: ITEMS DE LA PROPUESTA ECONÓMICA
C19: DATOS ESPECÍFICOS
C21: ITEM | D21: DESCRIPCIÓN | M21: UNIDAD | O21: CANTIDAD
C22: =+'PRESUPUESTO OFICIAL'!C15 -> 4 | D22: =+'PRESUPUESTO OFICIAL'!G15 -> EXCAVACIÓN A CIELO ABIERTO MATERIAL COMÚN 0 - 2 M | M22: =+'PRESUPUESTO OFICIAL'!H15 -> M3 | O22: =+'PRESUPUESTO OFICIAL'!I15 -> 1
C23: I. EQUIPO
C26: DESCRIPCIÓN | H26: MARCA | J26: TIPO | L26: TARIFA/HORA | M26: RENDIMIENTO | O26: Vr. UNITARIO
C27: EQUIPO BASICO ( HERRAMIENTA MENOR ) | L27: =+O56 -> 45000 | M27: 0.05 | O27: =+ROUND(M27*L27,0) -> 2250
C28: ACARREO INTERNO | L28: =+O56 -> 45000 | M28: 0.05 | O28: =+ROUND(M28*L28,0) -> 2250
O29: =+ROUND(M29*L29,0) -> 0
C30: SUBTOTAL $ | O30: =SUM(O27:O29) -> 4500
C31: II. MATERIALES
C34: DESCRIPCIÓN | K34: UNIDAD | L34: CANTIDAD | M34: PRECIO UNIT. | O34: Vr. UNITARIO
O35: =+ROUND(M35*L35,0) -> 0
O36: =+ROUND(M36*L36,0) -> 0
O37: =+ROUND(M37*L37,0) -> 0
C40: SUBTOTAL $ | O40: =SUM(O35:O39) -> 0
C41: III. TRANSPORTES
C44: MATERIAL | J44: VOL. o PESO | K44: DISTANCIA | L44: M3 o Ton/Km | M44: TARIFA | O44: Vr. UNITARIO
C47: SUBTOTAL $
C48: IV. MANO DE OBRA
C51: TRABAJADOR | J51: JORNAL | K51: PRESTACIONES | L51: JORNAL TOTAL | M51: RENDIMIENTO | O51: Vr. UNITARIO
C52: CUADRILLA AA TIPO 4 (1 OFICIAL + 4 AYUDANTE) (Albañileria) | J52: =+[115]A.P.U!$G$161 -> hr | L52: 75000 | M52: 0.6 | O52: =+ROUND(M52*L52,0) -> 45000
C56: SUBTOTAL $ | O56: =SUM(O52:O55) -> 45000
C58: TOTAL COSTO DIRECTO $ | O58: =+O56+O47+O40+O30 -> 49500
C59: V. COSTOS INDIRECTOS
C62: Descripción | L62: Porcentaje | M62: Valor Total
C63: ADMINISTRACION | L63: 0.29 | M63: =+$O$58 -> 49500 | O63: =+ROUND(M63*L63,0) -> 14355
C64: IMPREVISTOS | L64: 0 | M64: =+$O$58 -> 49500 | O64: =+ROUND(M64*L64,0) -> 0
C65: UTILIDAD | L65: 0.06 | M65: =+$O$58 -> 49500 | O65: =+ROUND(M65*L65,0) -> 2970
C66: SUBTOTAL $ | O66: =SUM(O63:O65) -> 17325
C68: Precio Unitario Total Aproximado al peso $ | O68: =+O66+O58 -> 66825
H72: Firma
H73: Nombre:
H74: Representante Legal del Contratista o su Apoderado
H75: Matricula No. :
C77: OBSERVACIONES INTERVENTORÍA
C81: APROBACIÓN POR INTERVENTORÍA
C82: Nota 1: Cuando se trate de Análisis de precios unitarios correspondientes a ítems de la propuesta económica aprobada, el Interventor aprueba el desglose de los componentes manteniendo el mismo precio unitario de cada ítem, cumpliendo con las especificaciones de construcción vigentes para el proyecto.
C84: Nota 2: Cuando se trate de Análisis de precios unitarios de ítems no previstos, el Interventor aprueba el desglose y precio unitario de cada ítem no previsto, exigiendo la aplicación de los costos correspondientes a insumos y tarifas de la propuesta económica inicial cuando estén contemplados, cumpliendo con las especificaciones de construcción vigente para el proyecto.
H87: Firma
H88: Nombre:
H89: Representante Legal del Interventor o su Apoderado
H90: Matricula No. :

Sheet 5
C2: Código | D2: CCE-EICP-FM-25 | E2: Versión | F2: 1
C3: [La entidad podrá utilizar este formato para la presentación de los análisis de precios unitarios el contratista en la oportunidad prevista en el numeral 8.1. del Documento Base]
D6: ALCALDIA MUNICIPAL DE SALAMINA CALDAS
L7: VERSIÓN
D8: [NÚMERO DEL PROCESO]
L9: PÁGINA | M9: 1 | N9: DE | O9: 1
D11: ANALISIS DE PRECIOS UNITARIOS
L13: FECHA | M13: DD | N13: MM | O13: AA
M14: 19 | N14: 6 | O14: 2026
C15: ITEMS DE LA PROPUESTA ECONÓMICA
C19: DATOS ESPECÍFICOS
C21: ITEM | D21: DESCRIPCIÓN | M21: UNIDAD | O21: CANTIDAD
C22: =+'PRESUPUESTO OFICIAL'!C16 -> 5 | D22: =+'PRESUPUESTO OFICIAL'!G16 -> EXCAVACIÓN A CIELO ABIERTO CONGLOMERADO 0 - 2 M | M22: =+'PRESUPUESTO OFICIAL'!H16 -> M3 | O22: =+'PRESUPUESTO OFICIAL'!I16 -> 1
C23: I. EQUIPO
C26: DESCRIPCIÓN | H26: MARCA | J26: TIPO | L26: TARIFA/HORA | M26: RENDIMIENTO | O26: Vr. UNITARIO
C27: EQUIPO BASICO ( HERRAMIENTA MENOR ) | L27: =+O56 -> 56250 | M27: 0.05 | O27: =+ROUND(M27*L27,0) -> 2813
C28: ACARREO INTERNO | L28: =+O56 -> 56250 | M28: 0.05 | O28: =+ROUND(M28*L28,0) -> 2813
O29: =+ROUND(M29*L29,0) -> 0
C30: SUBTOTAL $ | O30: =SUM(O27:O29) -> 5626
C31: II. MATERIALES
C34: DESCRIPCIÓN | K34: UNIDAD | L34: CANTIDAD | M34: PRECIO UNIT. | O34: Vr. UNITARIO
O35: =+ROUND(M35*L35,0) -> 0
O36: =+ROUND(M36*L36,0) -> 0
O37: =+ROUND(M37*L37,0) -> 0
C40: SUBTOTAL $ | O40: =SUM(O35:O39) -> 0
C41: III. TRANSPORTES
C44: MATERIAL | J44: VOL. o PESO | K44: DISTANCIA | L44: M3 o Ton/Km | M44: TARIFA | O44: Vr. UNITARIO
C47: SUBTOTAL $
C48: IV. MANO DE OBRA
C51: TRABAJADOR | J51: JORNAL | K51: PRESTACIONES | L51: JORNAL TOTAL | M51: RENDIMIENTO | O51: Vr. UNITARIO
C52: CUADRILLA AA TIPO 4 (1 OFICIAL + 4 AYUDANTE) (Albañileria) | J52: =+[115]A.P.U!$G$161 -> hr | L52: 75000 | M52: 0.75 | O52: =+ROUND(M52*L52,0) -> 56250
C56: SUBTOTAL $ | O56: =SUM(O52:O55) -> 56250
C58: TOTAL COSTO DIRECTO $ | O58: =+O56+O47+O40+O30 -> 61876
C59: V. COSTOS INDIRECTOS
C62: Descripción | L62: Porcentaje | M62: Valor Total
C63: ADMINISTRACION | L63: 0.29 | M63: =+$O$58 -> 61876 | O63: =+ROUND(M63*L63,0) -> 17944
C64: IMPREVISTOS | L64: 0 | M64: =+$O$58 -> 61876 | O64: =+ROUND(M64*L64,0) -> 0
C65: UTILIDAD | L65: 0.06 | M65: =+$O$58 -> 61876 | O65: =+ROUND(M65*L65,0) -> 3713
C66: SUBTOTAL $ | O66: =SUM(O63:O65) -> 21657
C68: Precio Unitario Total Aproximado al peso $ | O68: =+O66+O58 -> 83533
H72: Firma
H73: Nombre:
H74: Representante Legal del Contratista o su Apoderado
H75: Matricula No. :
C77: OBSERVACIONES INTERVENTORÍA
C81: APROBACIÓN POR INTERVENTORÍA
C82: Nota 1: Cuando se trate de Análisis de precios unitarios correspondientes a ítems de la propuesta económica aprobada, el Interventor aprueba el desglose de los componentes manteniendo el mismo precio unitario de cada ítem, cumpliendo con las especificaciones de construcción vigentes para el proyecto.
C84: Nota 2: Cuando se trate de Análisis de precios unitarios de ítems no previstos, el Interventor aprueba el desglose y precio unitario de cada ítem no previsto, exigiendo la aplicación de los costos correspondientes a insumos y tarifas de la propuesta económica inicial cuando estén contemplados, cumpliendo con las especificaciones de construcción vigente para el proyecto.
H87: Firma
H88: Nombre:
H89: Representante Legal del Interventor o su Apoderado
H90: Matricula No. :

Sheet 6
C2: Código | D2: CCE-EICP-FM-25 | E2: Versión | F2: 1
C3: [La entidad podrá utilizar este formato para la presentación de los análisis de precios unitarios el contratista en la oportunidad prevista en el numeral 8.1. del Documento Base]
D6: ALCALDIA MUNICIPAL DE SALAMINA CALDAS
L7: VERSIÓN
D8: [NÚMERO DEL PROCESO]
L9: PÁGINA | M9: 1 | N9: DE | O9: 1
D11: ANALISIS DE PRECIOS UNITARIOS
L13: FECHA | M13: DD | N13: MM | O13: AA
M14: 19 | N14: 6 | O14: 2026
C15: ITEMS DE LA PROPUESTA ECONÓMICA
C19: DATOS ESPECÍFICOS
C21: ITEM | D21: DESCRIPCIÓN | M21: UNIDAD | O21: CANTIDAD
C22: =+'PRESUPUESTO OFICIAL'!C17 -> 6 | D22: =+'PRESUPUESTO OFICIAL'!G17 -> SUMINISTRO, TRANSPORTE E INSTALACION BASE COMPACTADA | M22: =+'PRESUPUESTO OFICIAL'!H17 -> M3 | O22: =+'PRESUPUESTO OFICIAL'!I17 -> 1
C23: I. EQUIPO
C26: DESCRIPCIÓN | H26: MARCA | J26: TIPO | L26: TARIFA/HORA | M26: RENDIMIENTO | O26: Vr. UNITARIO
C27: EQUIPO BASICO ( HERRAMIENTA MENOR ) | L27: =+O56 -> 48750 | M27: 0.05 | O27: =+ROUND(M27*L27,0) -> 2438
C28: ACARREO INTERNO | L28: =+O56 -> 48750 | M28: 0.05 | O28: =+ROUND(M28*L28,0) -> 2438
C29: VIBROCOMPACTADOR TIPO RANA | J29: DIA | L29: 130000 | M29: 0.2 | O29: =+ROUND(M29*L29,0) -> 26000
C30: SUBTOTAL $ | O30: =SUM(O27:O29) -> 30876
C31: II. MATERIALES
C34: DESCRIPCIÓN | K34: UNIDAD | L34: CANTIDAD | M34: PRECIO UNIT. | O34: Vr. UNITARIO
C35: BASE GRANULAR BG-1 NORMA INVIAS | K35: M3 | L35: 1.2 | M35: 145000 | O35: =+ROUND(M35*L35,0) -> 174000
O36: =+ROUND(M36*L36,0) -> 0
O37: =+ROUND(M37*L37,0) -> 0
C40: SUBTOTAL $ | O40: =SUM(O35:O39) -> 174000
C41: III. TRANSPORTES
C44: MATERIAL | J44: VOL. o PESO | K44: DISTANCIA | L44: M3 o Ton/Km | M44: TARIFA | O44: Vr. UNITARIO
C47: SUBTOTAL $
C48: IV. MANO DE OBRA
C51: TRABAJADOR | J51: JORNAL | K51: PRESTACIONES | L51: JORNAL TOTAL | M51: RENDIMIENTO | O51: Vr. UNITARIO
C52: CUADRILLA AA TIPO 4 (1 OFICIAL + 4 AYUDANTE) (Albañileria) | J52: =+[115]A.P.U!$G$161 -> hr | L52: 75000 | M52: 0.65 | O52: =+ROUND(M52*L52,0) -> 48750
C56: SUBTOTAL $ | O56: =SUM(O52:O55) -> 48750
C58: TOTAL COSTO DIRECTO $ | O58: =+O56+O47+O40+O30 -> 253626
C59: V. COSTOS INDIRECTOS
C62: Descripción | L62: Porcentaje | M62: Valor Total
C63: ADMINISTRACION | L63: 0.29 | M63: =+$O$58 -> 253626 | O63: =+ROUND(M63*L63,0) -> 73552
C64: IMPREVISTOS | L64: 0 | M64: =+$O$58 -> 253626 | O64: =+ROUND(M64*L64,0) -> 0
C65: UTILIDAD | L65: 0.06 | M65: =+$O$58 -> 253626 | O65: =+ROUND(M65*L65,0) -> 15218
C66: SUBTOTAL $ | O66: =SUM(O63:O65) -> 88770
C68: Precio Unitario Total Aproximado al peso $ | O68: =+O66+O58 -> 342396
H72: Firma
H73: Nombre:
H74: Representante Legal del Contratista o su Apoderado
H75: Matricula No. :
C77: OBSERVACIONES INTERVENTORÍA
C81: APROBACIÓN POR INTERVENTORÍA
C82: Nota 1: Cuando se trate de Análisis de precios unitarios correspondientes a ítems de la propuesta económica aprobada, el Interventor aprueba el desglose de los componentes manteniendo el mismo precio unitario de cada ítem, cumpliendo con las especificaciones de construcción vigentes para el proyecto.
C84: Nota 2: Cuando se trate de Análisis de precios unitarios de ítems no previstos, el Interventor aprueba el desglose y precio unitario de cada ítem no previsto, exigiendo la aplicación de los costos correspondientes a insumos y tarifas de la propuesta económica inicial cuando estén contemplados, cumpliendo con las especificaciones de construcción vigente para el proyecto.
H87: Firma
H88: Nombre:
H89: Representante Legal del Interventor o su Apoderado
H90: Matricula No. :

Sheet 7
C2: Código | D2: CCE-EICP-FM-25 | E2: Versión | F2: 1
C3: [La entidad podrá utilizar este formato para la presentación de los análisis de precios unitarios el contratista en la oportunidad prevista en el numeral 8.1. del Documento Base]
D6: ALCALDIA MUNICIPAL DE SALAMINA CALDAS
L7: VERSIÓN
D8: [NÚMERO DEL PROCESO]
L9: PÁGINA | M9: 1 | N9: DE | O9: 1
D11: ANALISIS DE PRECIOS UNITARIOS
L13: FECHA | M13: DD | N13: MM | O13: AA
M14: 19 | N14: 6 | O14: 2026
C15: ITEMS DE LA PROPUESTA ECONÓMICA
C19: DATOS ESPECÍFICOS
C21: ITEM | D21: DESCRIPCIÓN | M21: UNIDAD | O21: CANTIDAD
C22: =+'PRESUPUESTO OFICIAL'!C18 -> 7 | D22: =+'PRESUPUESTO OFICIAL'!G18 -> SUMINISTRO, TRANSPORTE E INSTALACIÓN PAVIMENTO EN CONCRETO MR 42 ESPESOR ENTRE 15 Y 20 CM | M22: =+'PRESUPUESTO OFICIAL'!H18 -> M3 | O22: =+'PRESUPUESTO OFICIAL'!I18 -> 1
C23: I. EQUIPO
C26: DESCRIPCIÓN | H26: MARCA | J26: TIPO | L26: TARIFA/HORA | M26: RENDIMIENTO | O26: Vr. UNITARIO
C27: EQUIPO BASICO ( HERRAMIENTA MENOR ) | L27: =+O59 -> 262500 | M27: 0.05 | O27: =+ROUND(M27*L27,0) -> 13125
C28: ACARREO INTERNO | L28: =+O59 -> 262500 | M28: 0.05 | O28: =+ROUND(M28*L28,0) -> 13125
C29: REGLA VIBRATORIA DE 3 - 4 MTS A GASOLINA | K29: DIA | L29: 95000 | M29: 0.1 | O29: =+ROUND(M29*L29,0) -> 9500
C30: VIBRADOR A GASOLINA O ELÉCTRICO | K30: DIA | L30: 75000 | M30: 0.1 | O30: =+ROUND(M30*L30,0) -> 7500
C31: FORMALETA DE MADERA | K31: GL | L31: 25000 | M31: 1 | O31: =+ROUND(M31*L31,0) -> 25000
C32: MEZCLADORA A GASOLINA | K32: DIA | L32: 150000 | M32: 0.3 | O32: =+ROUND(M32*L32,0) -> 45000
C33: SUBTOTAL $ | O33: =SUM(O27:O32) -> 113250
C34: II. MATERIALES
C37: DESCRIPCIÓN | K37: UNIDAD | L37: CANTIDAD | M37: PRECIO UNIT. | O37: Vr. UNITARIO
C38: CONCRETO MR 42 kg/cm2 SIN MEZCLADO | K38: M3 | L38: 1.05 | M38: 645000 | O38: =+ROUND(M38*L38,0) -> 677250
O39: =+ROUND(M39*L39,0) -> 0
O40: =+ROUND(M40*L40,0) -> 0
C43: SUBTOTAL $ | O43: =SUM(O38:O42) -> 677250
C44: III. TRANSPORTES
C47: MATERIAL | J47: VOL. o PESO | K47: DISTANCIA | L47: M3 o Ton/Km | M47: TARIFA | O47: Vr. UNITARIO
C50: SUBTOTAL $
C51: IV. MANO DE OBRA
C54: TRABAJADOR | J54: JORNAL | K54: PRESTACIONES | L54: JORNAL TOTAL | M54: RENDIMIENTO | O54: Vr. UNITARIO
C55: CUADRILLA AA TIPO 4 (1 OFICIAL + 4 AYUDANTE) (Albañileria) | J55: =+[115]A.P.U!$G$161 -> hr | L55: 75000 | M55: 3.5 | O55: =+ROUND(M55*L55,0) -> 262500
C59: SUBTOTAL $ | O59: =SUM(O55:O58) -> 262500
C61: TOTAL COSTO DIRECTO $ | O61: =+O59+O50+O43+O33 -> 1053000
C62: V. COSTOS INDIRECTOS
C65: Descripción | L65: Porcentaje | M65: Valor Total
C66: ADMINISTRACION | L66: 0.29 | M66: =+$O$61 -> 1053000 | O66: =+ROUND(M66*L66,0) -> 305370
C67: IMPREVISTOS | L67: 0 | M67: =+$O$61 -> 1053000 | O67: =+ROUND(M67*L67,0) -> 0
C68: UTILIDAD | L68: 0.06 | M68: =+$O$61 -> 1053000 | O68: =+ROUND(M68*L68,0) -> 63180
C69: SUBTOTAL $ | O69: =SUM(O66:O68) -> 368550
C71: Precio Unitario Total Aproximado al peso $ | O71: =+O69+O61 -> 1421550
H75: Firma
H76: Nombre:
H77: Representante Legal del Contratista o su Apoderado
H78: Matricula No. :
C80: OBSERVACIONES INTERVENTORÍA
C84: APROBACIÓN POR INTERVENTORÍA
C85: Nota 1: Cuando se trate de Análisis de precios unitarios correspondientes a ítems de la propuesta económica aprobada, el Interventor aprueba el desglose de los componentes manteniendo el mismo precio unitario de cada ítem, cumpliendo con las especificaciones de construcción vigentes para el proyecto.
C87: Nota 2: Cuando se trate de Análisis de precios unitarios de ítems no previstos, el Interventor aprueba el desglose y precio unitario de cada ítem no previsto, exigiendo la aplicación de los costos correspondientes a insumos y tarifas de la propuesta económica inicial cuando estén contemplados, cumpliendo con las especificaciones de construcción vigente para el proyecto.
H90: Firma
H91: Nombre:
H92: Representante Legal del Interventor o su Apoderado
H93: Matricula No. :

Sheet 8
C2: Código | D2: CCE-EICP-FM-25 | E2: Versión | F2: 1
C3: [La entidad podrá utilizar este formato para la presentación de los análisis de precios unitarios el contratista en la oportunidad prevista en el numeral 8.1. del Documento Base]
D6: ALCALDIA MUNICIPAL DE SALAMINA CALDAS
L7: VERSIÓN
D8: [NÚMERO DEL PROCESO]
L9: PÁGINA | M9: 1 | N9: DE | O9: 1
D11: ANALISIS DE PRECIOS UNITARIOS
L13: FECHA | M13: DD | N13: MM | O13: AA
M14: 19 | N14: 6 | O14: 2026
C15: ITEMS DE LA PROPUESTA ECONÓMICA
C19: DATOS ESPECÍFICOS
C21: ITEM | D21: DESCRIPCIÓN | M21: UNIDAD | O21: CANTIDAD
C22: =+'PRESUPUESTO OFICIAL'!C19 -> 8 | D22: =+'PRESUPUESTO OFICIAL'!G19 -> SUMINISTRO, TRANSPORTE E INSTALACIÓN ANDEN CONCRETO 3000 PSI ESCOBIADO E=0,10 M | M22: =+'PRESUPUESTO OFICIAL'!H19 -> M2 | O22: =+'PRESUPUESTO OFICIAL'!I19 -> 1
C23: I. EQUIPO
C26: DESCRIPCIÓN | H26: MARCA | J26: TIPO | L26: TARIFA/HORA | M26: RENDIMIENTO | O26: Vr. UNITARIO
C27: EQUIPO BASICO ( HERRAMIENTA MENOR ) | L27: =+O57 -> 44178 | M27: 0.05 | O27: =+ROUND(M27*L27,0) -> 2209
C28: ACARREO INTERNO | L28: =+O57 -> 44178 | M28: 0.05 | O28: =+ROUND(M28*L28,0) -> 2209
C29: FORMALETA DE MADERA | K29: GL | L29: 12000 | M29: 1 | O29: =+ROUND(M29*L29,0) -> 12000
C30: MEZCLADORA A GASOLINA | K30: DIA | L30: 150000 | M30: 0.1 | O30: =+ROUND(M30*L30,0) -> 15000
C31: SUBTOTAL $ | O31: =SUM(O27:O30) -> 31418
C32: II. MATERIALES
C35: DESCRIPCIÓN | K35: UNIDAD | L35: CANTIDAD | M35: PRECIO UNIT. | O35: Vr. UNITARIO
C36: CONCRETO 3000 psi - 21 Mpa SIN MEZCLADO | K36: M3 | L36: 0.1 | M36: 590000 | O36: =+ROUND(M36*L36,0) -> 59000
O37: =+ROUND(M37*L37,0) -> 0
O38: =+ROUND(M38*L38,0) -> 0
C41: SUBTOTAL $ | O41: =SUM(O36:O40) -> 59000
C42: III. TRANSPORTES
C45: MATERIAL | J45: VOL. o PESO | K45: DISTANCIA | L45: M3 o Ton/Km | M45: TARIFA | O45: Vr. UNITARIO
C48: SUBTOTAL $
C49: IV. MANO DE OBRA
C52: TRABAJADOR | J52: JORNAL | K52: PRESTACIONES | L52: JORNAL TOTAL | M52: RENDIMIENTO | O52: Vr. UNITARIO
C53: CUADRILLA AA TIPO 3 (1 OFICIAL + 3 AYUDANTE) (Albañileria) | J53: =+[115]A.P.U!$G$161 -> hr | L53: 63112 | M53: 0.7 | O53: =+ROUND(M53*L53,0) -> 44178
C57: SUBTOTAL $ | O57: =SUM(O53:O56) -> 44178
C59: TOTAL COSTO DIRECTO $ | O59: =+O57+O48+O41+O31 -> 134596
C60: V. COSTOS INDIRECTOS
C63: Descripción | L63: Porcentaje | M63: Valor Total
C64: ADMINISTRACION | L64: 0.29 | M64: =+$O$59 -> 134596 | O64: =+ROUND(M64*L64,0) -> 39033
C65: IMPREVISTOS | L65: 0 | M65: =+$O$59 -> 134596 | O65: =+ROUND(M65*L65,0) -> 0
C66: UTILIDAD | L66: 0.06 | M66: =+$O$59 -> 134596 | O66: =+ROUND(M66*L66,0) -> 8076
C67: SUBTOTAL $ | O67: =SUM(O64:O66) -> 47109
C69: Precio Unitario Total Aproximado al peso $ | O69: =+O67+O59 -> 181705
H73: Firma
H74: Nombre:
H75: Representante Legal del Contratista o su Apoderado
H76: Matricula No. :
C78: OBSERVACIONES INTERVENTORÍA
C82: APROBACIÓN POR INTERVENTORÍA
C83: Nota 1: Cuando se trate de Análisis de precios unitarios correspondientes a ítems de la propuesta económica aprobada, el Interventor aprueba el desglose de los componentes manteniendo el mismo precio unitario de cada ítem, cumpliendo con las especificaciones de construcción vigentes para el proyecto.
C85: Nota 2: Cuando se trate de Análisis de precios unitarios de ítems no previstos, el Interventor aprueba el desglose y precio unitario de cada ítem no previsto, exigiendo la aplicación de los costos correspondientes a insumos y tarifas de la propuesta económica inicial cuando estén contemplados, cumpliendo con las especificaciones de construcción vigente para el proyecto.
H88: Firma
H89: Nombre:
H90: Representante Legal del Interventor o su Apoderado
H91: Matricula No. :

Sheet 9
C2: Código | D2: CCE-EICP-FM-25 | E2: Versión | F2: 1
C3: [La entidad podrá utilizar este formato para la presentación de los análisis de precios unitarios el contratista en la oportunidad prevista en el numeral 8.1. del Documento Base]
D6: ALCALDIA MUNICIPAL DE SALAMINA CALDAS
L7: VERSIÓN
D8: [NÚMERO DEL PROCESO]
L9: PÁGINA | M9: 1 | N9: DE | O9: 1
D11: ANALISIS DE PRECIOS UNITARIOS
L13: FECHA | M13: DD | N13: MM | O13: AA
M14: 19 | N14: 6 | O14: 2026
C15: ITEMS DE LA PROPUESTA ECONÓMICA
C19: DATOS ESPECÍFICOS
C21: ITEM | D21: DESCRIPCIÓN | M21: UNIDAD | O21: CANTIDAD
C22: =+'PRESUPUESTO OFICIAL'!C20 -> 9 | D22: =+'PRESUPUESTO OFICIAL'!G20 -> CORTE MECANIZADO DE PAVIMENTO 0,07 MM | M22: =+'PRESUPUESTO OFICIAL'!H20 -> ML | O22: =+'PRESUPUESTO OFICIAL'!I20 -> 1
C23: I. EQUIPO
C26: DESCRIPCIÓN | H26: MARCA | J26: TIPO | L26: TARIFA/HORA | M26: RENDIMIENTO | O26: Vr. UNITARIO
C27: EQUIPO BASICO ( HERRAMIENTA MENOR ) | L27: =+O57 -> 8918 | M27: 0.05 | O27: =+ROUND(M27*L27,0) -> 446
C28: ACARREO INTERNO | L28: =+O57 -> 8918 | M28: 0.05 | O28: =+ROUND(M28*L28,0) -> 446
C29: CORTADORA DE CONCRETO | K29: HR | L29: 22000 | M29: 0.2 | O29: =+ROUND(M29*L29,0) -> 4400
O30: =+ROUND(M30*L30,0) -> 0
C31: SUBTOTAL $ | O31: =SUM(O27:O30) -> 5292
C32: II. MATERIALES
C35: DESCRIPCIÓN | K35: UNIDAD | L35: CANTIDAD | M35: PRECIO UNIT. | O35: Vr. UNITARIO
O36: =+ROUND(M36*L36,0) -> 0
O37: =+ROUND(M37*L37,0) -> 0
O38: =+ROUND(M38*L38,0) -> 0
C41: SUBTOTAL $ | O41: =SUM(O36:O40) -> 0
C42: III. TRANSPORTES
C45: MATERIAL | J45: VOL. o PESO | K45: DISTANCIA | L45: M3 o Ton/Km | M45: TARIFA | O45: Vr. UNITARIO
C48: SUBTOTAL $
C49: IV. MANO DE OBRA
C52: TRABAJADOR | J52: JORNAL | K52: PRESTACIONES | L52: JORNAL TOTAL | M52: RENDIMIENTO | O52: Vr. UNITARIO
C53: CUADRILLA AA TIPO 2 (1 OFICIAL + 2 AYUDANTE) (Albañileria) | J53: =+[115]A.P.U!$G$161 -> hr | L53: 35672 | M53: 0.25 | O53: =+ROUND(M53*L53,0) -> 8918
C57: SUBTOTAL $ | O57: =SUM(O53:O56) -> 8918
C59: TOTAL COSTO DIRECTO $ | O59: =+O57+O48+O41+O31 -> 14210
C60: V. COSTOS INDIRECTOS
C63: Descripción | L63: Porcentaje | M63: Valor Total
C64: ADMINISTRACION | L64: 0.29 | M64: =+$O$59 -> 14210 | O64: =+ROUND(M64*L64,0) -> 4121
C65: IMPREVISTOS | L65: 0 | M65: =+$O$59 -> 14210 | O65: =+ROUND(M65*L65,0) -> 0
C66: UTILIDAD | L66: 0.06 | M66: =+$O$59 -> 14210 | O66: =+ROUND(M66*L66,0) -> 853
C67: SUBTOTAL $ | O67: =SUM(O64:O66) -> 4974
C69: Precio Unitario Total Aproximado al peso $ | O69: =+O67+O59 -> 19184
H73: Firma
H74: Nombre:
H75: Representante Legal del Contratista o su Apoderado
H76: Matricula No. :
C78: OBSERVACIONES INTERVENTORÍA
C82: APROBACIÓN POR INTERVENTORÍA
C83: Nota 1: Cuando se trate de Análisis de precios unitarios correspondientes a ítems de la propuesta económica aprobada, el Interventor aprueba el desglose de los componentes manteniendo el mismo precio unitario de cada ítem, cumpliendo con las especificaciones de construcción vigentes para el proyecto.
C85: Nota 2: Cuando se trate de Análisis de precios unitarios de ítems no previstos, el Interventor aprueba el desglose y precio unitario de cada ítem no previsto, exigiendo la aplicación de los costos correspondientes a insumos y tarifas de la propuesta económica inicial cuando estén contemplados, cumpliendo con las especificaciones de construcción vigente para el proyecto.
H88: Firma
H89: Nombre:
H90: Representante Legal del Interventor o su Apoderado
H91: Matricula No. :

Sheet 10
C2: Código | D2: CCE-EICP-FM-25 | E2: Versión | F2: 1
C3: [La entidad podrá utilizar este formato para la presentación de los análisis de precios unitarios el contratista en la oportunidad prevista en el numeral 8.1. del Documento Base]
D6: ALCALDIA MUNICIPAL DE SALAMINA CALDAS
L7: VERSIÓN
D8: [NÚMERO DEL PROCESO]
L9: PÁGINA | M9: 1 | N9: DE | O9: 1
D11: ANALISIS DE PRECIOS UNITARIOS
L13: FECHA | M13: DD | N13: MM | O13: AA
M14: 19 | N14: 6 | O14: 2026
C15: ITEMS DE LA PROPUESTA ECONÓMICA
C19: DATOS ESPECÍFICOS
C21: ITEM | D21: DESCRIPCIÓN | M21: UNIDAD | O21: CANTIDAD
C22: =+'PRESUPUESTO OFICIAL'!C21 -> 10 | D22: =+'PRESUPUESTO OFICIAL'!G21 -> SUMINISTRO, TRANSPORTE E INSTALACIÓN SELLO DE JUNTA PAVIMENTO RÍGIDO 5 MM. | M22: =+'PRESUPUESTO OFICIAL'!H21 -> ML | O22: =+'PRESUPUESTO OFICIAL'!I21 -> 1
C23: I. EQUIPO
C26: DESCRIPCIÓN | H26: MARCA | J26: TIPO | L26: TARIFA/HORA | M26: RENDIMIENTO | O26: Vr. UNITARIO
C27: EQUIPO BASICO ( HERRAMIENTA MENOR ) | L27: =+O57 -> 7134 | M27: 0.05 | O27: =+ROUND(M27*L27,0) -> 357
C28: ACARREO INTERNO | L28: =+O57 -> 7134 | M28: 0.05 | O28: =+ROUND(M28*L28,0) -> 357
O29: =+ROUND(M29*L29,0) -> 0
O30: =+ROUND(M30*L30,0) -> 0
C31: SUBTOTAL $ | O31: =SUM(O27:O30) -> 714
C32: II. MATERIALES
C35: DESCRIPCIÓN | K35: UNIDAD | L35: CANTIDAD | M35: PRECIO UNIT. | O35: Vr. UNITARIO
C36: SELLO ELASTOMERICO | K36: M | L36: 1 | M36: 6900 | O36: =+ROUND(M36*L36,0) -> 6900
O37: =+ROUND(M37*L37,0) -> 0
O38: =+ROUND(M38*L38,0) -> 0
C41: SUBTOTAL $ | O41: =SUM(O36:O40) -> 6900
C42: III. TRANSPORTES
C45: MATERIAL | J45: VOL. o PESO | K45: DISTANCIA | L45: M3 o Ton/Km | M45: TARIFA | O45: Vr. UNITARIO
C48: SUBTOTAL $
C49: IV. MANO DE OBRA
C52: TRABAJADOR | J52: JORNAL | K52: PRESTACIONES | L52: JORNAL TOTAL | M52: RENDIMIENTO | O52: Vr. UNITARIO
C53: CUADRILLA AA TIPO 1 (1 OFICIAL + 1 AYUDANTE) (Albañileria) | J53: =+[115]A.P.U!$G$161 -> hr | L53: 35672 | M53: 0.2 | O53: =+ROUND(M53*L53,0) -> 7134
C57: SUBTOTAL $ | O57: =SUM(O53:O56) -> 7134
C59: TOTAL COSTO DIRECTO $ | O59: =+O57+O48+O41+O31 -> 14748
C60: V. COSTOS INDIRECTOS
C63: Descripción | L63: Porcentaje | M63: Valor Total
C64: ADMINISTRACION | L64: 0.29 | M64: =+$O$59 -> 14748 | O64: =+ROUND(M64*L64,0) -> 4277
C65: IMPREVISTOS | L65: 0 | M65: =+$O$59 -> 14748 | O65: =+ROUND(M65*L65,0) -> 0
C66: UTILIDAD | L66: 0.06 | M66: =+$O$59 -> 14748 | O66: =+ROUND(M66*L66,0) -> 885
C67: SUBTOTAL $ | O67: =SUM(O64:O66) -> 5162
C69: Precio Unitario Total Aproximado al peso $ | O69: =+O67+O59 -> 19910
H73: Firma
H74: Nombre:
H75: Representante Legal del Contratista o su Apoderado
H76: Matricula No. :
C78: OBSERVACIONES INTERVENTORÍA
C82: APROBACIÓN POR INTERVENTORÍA
C83: Nota 1: Cuando se trate de Análisis de precios unitarios correspondientes a ítems de la propuesta económica aprobada, el Interventor aprueba el desglose de los componentes manteniendo el mismo precio unitario de cada ítem, cumpliendo con las especificaciones de construcción vigentes para el proyecto.
C85: Nota 2: Cuando se trate de Análisis de precios unitarios de ítems no previstos, el Interventor aprueba el desglose y precio unitario de cada ítem no previsto, exigiendo la aplicación de los costos correspondientes a insumos y tarifas de la propuesta económica inicial cuando estén contemplados, cumpliendo con las especificaciones de construcción vigente para el proyecto.
H88: Firma
H89: Nombre:
H90: Representante Legal del Interventor o su Apoderado
H91: Matricula No. :

Sheet 11
C2: Código | D2: CCE-EICP-FM-25 | E2: Versión | F2: 1
C3: [La entidad podrá utilizar este formato para la presentación de los análisis de precios unitarios el contratista en la oportunidad prevista en el numeral 8.1. del Documento Base]
D6: ALCALDIA MUNICIPAL DE SALAMINA CALDAS
L7: VERSIÓN
D8: [NÚMERO DEL PROCESO]
L9: PÁGINA | M9: 1 | N9: DE | O9: 1
D11: ANALISIS DE PRECIOS UNITARIOS
L13: FECHA | M13: DD | N13: MM | O13: AA
M14: 19 | N14: 6 | O14: 2026
C15: ITEMS DE LA PROPUESTA ECONÓMICA
C19: DATOS ESPECÍFICOS
C21: ITEM | D21: DESCRIPCIÓN | M21: UNIDAD | O21: CANTIDAD
C22: =+'PRESUPUESTO OFICIAL'!C22 -> 11 | D22: =+'PRESUPUESTO OFICIAL'!G22 -> CANASTILLA SOPORTE DE DOVELAS. HIERRO 3/8 Y 1/4" | M22: =+'PRESUPUESTO OFICIAL'!H22 -> ML | O22: =+'PRESUPUESTO OFICIAL'!I22 -> 1
C23: I. EQUIPO
C26: DESCRIPCIÓN | H26: MARCA | J26: TIPO | L26: TARIFA/HORA | M26: RENDIMIENTO | O26: Vr. UNITARIO
C27: EQUIPO BASICO ( HERRAMIENTA MENOR ) | L27: =+O57 -> 17836 | M27: 0.05 | O27: =+ROUND(M27*L27,0) -> 892
C28: ACARREO INTERNO | L28: =+O57 -> 17836 | M28: 0.05 | O28: =+ROUND(M28*L28,0) -> 892
O29: =+ROUND(M29*L29,0) -> 0
O30: =+ROUND(M30*L30,0) -> 0
C31: SUBTOTAL $ | O31: =SUM(O27:O30) -> 1784
C32: II. MATERIALES
C35: DESCRIPCIÓN | K35: UNIDAD | L35: CANTIDAD | M35: PRECIO UNIT. | O35: Vr. UNITARIO
C36: ACERO 60.000 PSI 1/4 A 1/2 | K36: KG | L36: 2 | M36: 5417 | O36: =+ROUND(M36*L36,0) -> 10834
O37: =+ROUND(M37*L37,0) -> 0
O38: =+ROUND(M38*L38,0) -> 0
C41: SUBTOTAL $ | O41: =SUM(O36:O40) -> 10834
C42: III. TRANSPORTES
C45: MATERIAL | J45: VOL. o PESO | K45: DISTANCIA | L45: M3 o Ton/Km | M45: TARIFA | O45: Vr. UNITARIO
C48: SUBTOTAL $
C49: IV. MANO DE OBRA
C52: TRABAJADOR | J52: JORNAL | K52: PRESTACIONES | L52: JORNAL TOTAL | M52: RENDIMIENTO | O52: Vr. UNITARIO
C53: CUADRILLA AA TIPO 1 (1 OFICIAL + 1 AYUDANTE) (Albañileria) | J53: =+[115]A.P.U!$G$161 -> hr | L53: 35672 | M53: 0.5 | O53: =+ROUND(M53*L53,0) -> 17836
C57: SUBTOTAL $ | O57: =SUM(O53:O56) -> 17836
C59: TOTAL COSTO DIRECTO $ | O59: =+O57+O48+O41+O31 -> 30454
C60: V. COSTOS INDIRECTOS
C63: Descripción | L63: Porcentaje | M63: Valor Total
C64: ADMINISTRACION | L64: 0.29 | M64: =+$O$59 -> 30454 | O64: =+ROUND(M64*L64,0) -> 8832
C65: IMPREVISTOS | L65: 0 | M65: =+$O$59 -> 30454 | O65: =+ROUND(M65*L65,0) -> 0
C66: UTILIDAD | L66: 0.06 | M66: =+$O$59 -> 30454 | O66: =+ROUND(M66*L66,0) -> 1827
C67: SUBTOTAL $ | O67: =SUM(O64:O66) -> 10659
C69: Precio Unitario Total Aproximado al peso $ | O69: =+O67+O59 -> 41113
H73: Firma
H74: Nombre:
H75: Representante Legal del Contratista o su Apoderado
H76: Matricula No. :
C78: OBSERVACIONES INTERVENTORÍA
C82: APROBACIÓN POR INTERVENTORÍA
C83: Nota 1: Cuando se trate de Análisis de precios unitarios correspondientes a ítems de la propuesta económica aprobada, el Interventor aprueba el desglose de los componentes manteniendo el mismo precio unitario de cada ítem, cumpliendo con las especificaciones de construcción vigentes para el proyecto.
C85: Nota 2: Cuando se trate de Análisis de precios unitarios de ítems no previstos, el Interventor aprueba el desglose y precio unitario de cada ítem no previsto, exigiendo la aplicación de los costos correspondientes a insumos y tarifas de la propuesta económica inicial cuando estén contemplados, cumpliendo con las especificaciones de construcción vigente para el proyecto.
H88: Firma
H89: Nombre:
H90: Representante Legal del Interventor o su Apoderado
H91: Matricula No. :

Sheet 12
C2: Código | D2: CCE-EICP-FM-25 | E2: Versión | F2: 1
C3: [La entidad podrá utilizar este formato para la presentación de los análisis de precios unitarios el contratista en la oportunidad prevista en el numeral 8.1. del Documento Base]
D6: ALCALDIA MUNICIPAL DE SALAMINA CALDAS
L7: VERSIÓN
D8: [NÚMERO DEL PROCESO]
L9: PÁGINA | M9: 1 | N9: DE | O9: 1
D11: ANALISIS DE PRECIOS UNITARIOS
L13: FECHA | M13: DD | N13: MM | O13: AA
M14: 19 | N14: 6 | O14: 2026
C15: ITEMS DE LA PROPUESTA ECONÓMICA
C19: DATOS ESPECÍFICOS
C21: ITEM | D21: DESCRIPCIÓN | M21: UNIDAD | O21: CANTIDAD
C22: =+'PRESUPUESTO OFICIAL'!C23 -> 12 | D22: =+'PRESUPUESTO OFICIAL'!G23 -> ACERO 60.000 PSI (INCLUYE ALAMBRE NEGRO Y FIGURACIÓN) | M22: =+'PRESUPUESTO OFICIAL'!H23 -> KG | O22: =+'PRESUPUESTO OFICIAL'!I23 -> 1
C23: I. EQUIPO
C26: DESCRIPCIÓN | H26: MARCA | J26: TIPO | L26: TARIFA/HORA | M26: RENDIMIENTO | O26: Vr. UNITARIO
C27: EQUIPO BASICO ( HERRAMIENTA MENOR ) | L27: =+O57 -> 2497 | M27: 0.05 | O27: =+ROUND(M27*L27,0) -> 125
C28: ACARREO INTERNO | L28: =+O57 -> 2497 | M28: 0.05 | O28: =+ROUND(M28*L28,0) -> 125
O29: =+ROUND(M29*L29,0) -> 0
O30: =+ROUND(M30*L30,0) -> 0
C31: SUBTOTAL $ | O31: =SUM(O27:O30) -> 250
C32: II. MATERIALES
C35: DESCRIPCIÓN | K35: UNIDAD | L35: CANTIDAD | M35: PRECIO UNIT. | O35: Vr. UNITARIO
C36: ACERO 60.000 PSI 1/4 A 1/2 | K36: KG | L36: 1.2 | M36: 5417 | O36: =+ROUND(M36*L36,0) -> 6500
O37: =+ROUND(M37*L37,0) -> 0
O38: =+ROUND(M38*L38,0) -> 0
C41: SUBTOTAL $ | O41: =SUM(O36:O40) -> 6500
C42: III. TRANSPORTES
C45: MATERIAL | J45: VOL. o PESO | K45: DISTANCIA | L45: M3 o Ton/Km | M45: TARIFA | O45: Vr. UNITARIO
C48: SUBTOTAL $
C49: IV. MANO DE OBRA
C52: TRABAJADOR | J52: JORNAL | K52: PRESTACIONES | L52: JORNAL TOTAL | M52: RENDIMIENTO | O52: Vr. UNITARIO
C53: CUADRILLA AA TIPO 1 (1 OFICIAL + 1 AYUDANTE) (Albañileria) | J53: =+[115]A.P.U!$G$161 -> hr | L53: 35672 | M53: 0.07 | O53: =+ROUND(M53*L53,0) -> 2497
C57: SUBTOTAL $ | O57: =SUM(O53:O56) -> 2497
C59: TOTAL COSTO DIRECTO $ | O59: =+O57+O48+O41+O31 -> 9247
C60: V. COSTOS INDIRECTOS
C63: Descripción | L63: Porcentaje | M63: Valor Total
C64: ADMINISTRACION | L64: 0.29 | M64: =+$O$59 -> 9247 | O64: =+ROUND(M64*L64,0) -> 2682
C65: IMPREVISTOS | L65: 0 | M65: =+$O$59 -> 9247 | O65: =+ROUND(M65*L65,0) -> 0
C66: UTILIDAD | L66: 0.06 | M66: =+$O$59 -> 9247 | O66: =+ROUND(M66*L66,0) -> 555
C67: SUBTOTAL $ | O67: =SUM(O64:O66) -> 3237
C69: Precio Unitario Total Aproximado al peso $ | O69: =+O67+O59 -> 12484
H73: Firma
H74: Nombre:
H75: Representante Legal del Contratista o su Apoderado
H76: Matricula No. :
C78: OBSERVACIONES INTERVENTORÍA
C82: APROBACIÓN POR INTERVENTORÍA
C83: Nota 1: Cuando se trate de Análisis de precios unitarios correspondientes a ítems de la propuesta económica aprobada, el Interventor aprueba el desglose de los componentes manteniendo el mismo precio unitario de cada ítem, cumpliendo con las especificaciones de construcción vigentes para el proyecto.
C85: Nota 2: Cuando se trate de Análisis de precios unitarios de ítems no previstos, el Interventor aprueba el desglose y precio unitario de cada ítem no previsto, exigiendo la aplicación de los costos correspondientes a insumos y tarifas de la propuesta económica inicial cuando estén contemplados, cumpliendo con las especificaciones de construcción vigente para el proyecto.
H88: Firma
H89: Nombre:
H90: Representante Legal del Interventor o su Apoderado
H91: Matricula No. :

Sheet 13
C2: Código | D2: CCE-EICP-FM-25 | E2: Versión | F2: 1
C3: [La entidad podrá utilizar este formato para la presentación de los análisis de precios unitarios el contratista en la oportunidad prevista en el numeral 8.1. del Documento Base]
D6: ALCALDIA MUNICIPAL DE SALAMINA CALDAS
L7: VERSIÓN
D8: [NÚMERO DEL PROCESO]
L9: PÁGINA | M9: 1 | N9: DE | O9: 1
D11: ANALISIS DE PRECIOS UNITARIOS
L13: FECHA | M13: DD | N13: MM | O13: AA
M14: 19 | N14: 6 | O14: 2026
C15: ITEMS DE LA PROPUESTA ECONÓMICA
C19: DATOS ESPECÍFICOS
C21: ITEM | D21: DESCRIPCIÓN | M21: UNIDAD | O21: CANTIDAD
C22: =+'PRESUPUESTO OFICIAL'!C24 -> 13 | D22: =+'PRESUPUESTO OFICIAL'!G24 -> RETIRO DE MATERIAL SOBRANTE EN VOLQUETA, CARGUE MANUAL | M22: =+'PRESUPUESTO OFICIAL'!H24 -> M3 | O22: =+'PRESUPUESTO OFICIAL'!I24 -> 1
C23: I. EQUIPO
C26: DESCRIPCIÓN | H26: MARCA | J26: TIPO | L26: TARIFA/HORA | M26: RENDIMIENTO | O26: Vr. UNITARIO
C27: EQUIPO BASICO ( HERRAMIENTA MENOR ) | L27: =+O57 -> 12485 | M27: 0.05 | O27: =+ROUND(M27*L27,0) -> 624
C28: ACARREO INTERNO | L28: =+O57 -> 12485 | M28: 0.05 | O28: =+ROUND(M28*L28,0) -> 624
C29: VOLQUETA 6M3 (CARGUE A MANO) | K29: VIAJE | L29: 0.25 | M29: 175000 | O29: =+ROUND(M29*L29,0) -> 43750
O30: =+ROUND(M30*L30,0) -> 0
C31: SUBTOTAL $ | O31: =SUM(O27:O30) -> 44998
C32: II. MATERIALES
C35: DESCRIPCIÓN | K35: UNIDAD | L35: CANTIDAD | M35: PRECIO UNIT. | O35: Vr. UNITARIO
O36: =+ROUND(M36*L36,0) -> 0
O37: =+ROUND(M37*L37,0) -> 0
O38: =+ROUND(M38*L38,0) -> 0
C41: SUBTOTAL $ | O41: =SUM(O36:O40) -> 0
C42: III. TRANSPORTES
C45: MATERIAL | J45: VOL. o PESO | K45: DISTANCIA | L45: M3 o Ton/Km | M45: TARIFA | O45: Vr. UNITARIO
C48: SUBTOTAL $
C49: IV. MANO DE OBRA
C52: TRABAJADOR | J52: JORNAL | K52: PRESTACIONES | L52: JORNAL TOTAL | M52: RENDIMIENTO | O52: Vr. UNITARIO
C53: CUADRILLA AA TIPO 1 (1 OFICIAL + 1 AYUDANTE) (Albañileria) | J53: =+[115]A.P.U!$G$161 -> hr | L53: 35672 | M53: 0.35 | O53: =+ROUND(M53*L53,0) -> 12485
C57: SUBTOTAL $ | O57: =SUM(O53:O56) -> 12485
C59: TOTAL COSTO DIRECTO $ | O59: =+O57+O48+O41+O31 -> 57483
C60: V. COSTOS INDIRECTOS
C63: Descripción | L63: Porcentaje | M63: Valor Total
C64: ADMINISTRACION | L64: 0.29 | M64: =+$O$59 -> 57483 | O64: =+ROUND(M64*L64,0) -> 16670
C65: IMPREVISTOS | L65: 0 | M65: =+$O$59 -> 57483 | O65: =+ROUND(M65*L65,0) -> 0
C66: UTILIDAD | L66: 0.06 | M66: =+$O$59 -> 57483 | O66: =+ROUND(M66*L66,0) -> 3449
C67: SUBTOTAL $ | O67: =SUM(O64:O66) -> 20119
C69: Precio Unitario Total Aproximado al peso $ | O69: =+O67+O59 -> 77602
H73: Firma
H74: Nombre:
H75: Representante Legal del Contratista o su Apoderado
H76: Matricula No. :
C78: OBSERVACIONES INTERVENTORÍA
C82: APROBACIÓN POR INTERVENTORÍA
C83: Nota 1: Cuando se trate de Análisis de precios unitarios correspondientes a ítems de la propuesta económica aprobada, el Interventor aprueba el desglose de los componentes manteniendo el mismo precio unitario de cada ítem, cumpliendo con las especificaciones de construcción vigentes para el proyecto.
C85: Nota 2: Cuando se trate de Análisis de precios unitarios de ítems no previstos, el Interventor aprueba el desglose y precio unitario de cada ítem no previsto, exigiendo la aplicación de los costos correspondientes a insumos y tarifas de la propuesta económica inicial cuando estén contemplados, cumpliendo con las especificaciones de construcción vigente para el proyecto.
H88: Firma
H89: Nombre:
H90: Representante Legal del Interventor o su Apoderado
H91: Matricula No. :
